 Dungeon Crawl Stone Soup version 0.25-a0-1079-g858b6a6ff6 (webtiles) character file.

Game seed: 9262832849995822439, levelgen mode: classic

651 Amnesiac the Cutter (level 7, -1/40 HPs)
             Began as a Deep Elf Fighter on May 16, 2020.
             Slain by an ice beast (7 damage)
             ... on level 5 of the Dungeon.
             The game lasted 00:06:40 (4095 turns).

Amnesiac the Cutter (Deep Elf Fighter)              Turns: 4095, Time: 00:06:41

Health: -1/40      AC:  7    Str: 15    XL:     7   Next: 28%
Magic:  14/14      EV: 10    Int: 13    God:
Gold:   226        SH:  4    Dex: 14    Spells: 9/12 levels left

rFire    x . .     SeeInvis .   a - +0 dagger (venom)
rCold    + . .     Gourm    .   t - +0 buckler
rNeg     . . .     Faith    .   r - +0 scale mail
rPois    .         Spirit   .   k - +0 helmet
rElec    .         Reflect  .   (no cloak)
rCorr    .         Harm     .   (no gloves)
MR       .....                  (no boots)
Stlth    ..........             (no amulet)
HPRegen  0.13/turn              j - ring of ice
MPRegen  0.14/turn              p - +4 ring of slaying

@: no status effects
A: no striking features
a: no special abilities


You were on level 5 of the Dungeon.
You were hungry.

You visited 1 branch of the dungeon, and saw 5 of its levels.

You collected 226 gold pieces.

Inventory:

Hand Weapons
 a - a +0 dagger of venom (weapon)
 b - the +2 dagger of Action {holy, MR+ SInv}
   (You found it on level 4 of the Dungeon)

   It has been blessed by the Shining One to cause great damage to the undead
   and demons.
   It affects your resistance to hostile enchantments.
   It lets you see invisible.
 l - a +0 rapier
 z - a cursed -1 shortbow
Missiles
 A - 22 arrows
Armour
 c - a +0 kite shield
 k - a +0 helmet (worn)
 r - a +0 scale mail (worn)
 t - a +0 buckler (worn)
Jewellery
 j - a ring of ice (left hand)
 p - a +4 ring of slaying (right hand)
Wands
 v - a wand of random effects (16)
Scrolls
 g - 5 scrolls of amnesia {!r, unknown}
 i - 8 scrolls of identify {!r, unknown}
 u - 4 scrolls of magic mapping {!r, unknown}
 y - a scroll of enchant weapon {!r, unknown}
Potions
 d - a potion of might {!q}
 e - a potion of degeneration {!q, unknown}
 h - 3 potions of brilliance {!q, unknown}
 n - a potion of mutation {!q, unknown}
 o - 3 potions of haste {!q, unknown}
 q - a potion of curing {!q, unknown}
 s - 2 potions of invisibility {!q, unknown}
 w - a potion of heal wounds {!q, unknown}
 x - a potion of lignification {!q, unknown}
Comestibles
 f - 8 rations
 m - 5 chunks of flesh


   Skills:
 - Level 2.4 Fighting
 * Level 6.3 Short Blades
 + Level 1.6 Bows
 - Level 2.4 Armour
 - Level 2.4 Dodging
 - Level 2.5 Shields
 + Level 3.3 Spellcasting
 + Level 2.9 Evocations


You had 9 spell levels left.
You knew the following spells:

 Your Spells              Type           Power        Failure   Level  Hunger
a - Frozen Ramparts       Ice            #.....       97%         3    ###....

Your spell library contained the following spells:

 Spells                   Type           Power        Failure   Level  Hunger
 Freeze                   Ice            #...         71%         1    #......
 Ozocubu's Armour         Chrm/Ice       #.......     97%         3    ###....
 Hailstorm                Conj/Ice       #.......     100%        4    #####..
 Summon Ice Beast         Ice/Summ       #.......     100%        4    #####..


Dungeon Overview and Level Annotations

Branches:
Dungeon (5/15)
 Temple: D:4-7

Altars:
The Shining One


Message History

You kill the hornet!
Your Short Blades skill increases to level 6!
Your Bows skill increases to level 1!
Your Spellcasting skill increases to level 3!
You have reached level 7!
Magic restored.
You open the large door.
An orc wizard comes into view. It is wielding a +0 dagger.
The orc wizard shouts!
An ice beast comes into view.
The orc wizard casts a spell at you. The puff of frost hits you. You resist.
The orc wizard hits you with a +0 dagger.
* * * LOW HITPOINT WARNING * * *
You miss the orc wizard.
The orc wizard hits you but does no damage.
You hit the orc wizard but do no damage.
The orc wizard is poisoned.
You hit the orc wizard.
The orc wizard looks as sick as possible!
The orc wizard is lightly wounded.
The orc wizard hits you but does no damage.
You hit the orc wizard.
The orc wizard looks as sick as possible!
The orc wizard is heavily wounded.
The orc wizard hits you but does no damage.
You hit the orc wizard but do no damage.
The orc wizard is almost dead.
You hit the orc wizard.
You kill the orc wizard!
You block the ice beast's attack.
There is a large open door here.
Things that are here:
a +0 dagger; a +0 robe; an orc corpse You hit the ice beast but do no damage.
The ice beast hits you but does no damage.
You barely miss the ice beast. The ice beast barely misses you.
You closely miss the ice beast. You closely miss the ice beast.
You block the ice beast's attack.
You closely miss the ice beast. The ice beast hits you.
* * * LOW HITPOINT WARNING * * *
The ice beast freezes you. You resist.
* * * LOW HITPOINT WARNING * * *
You hit the ice beast.
The ice beast is poisoned.
The ice beast is lightly wounded.
The ice beast hits you but does no damage.
You hit the ice beast but do no damage.
The ice beast is lightly wounded.
You closely miss the ice beast.
The ice beast is moderately wounded.
The ice beast hits you.
* * * LOW HITPOINT WARNING * * *
The ice beast freezes you. You resist.
* * * LOW HITPOINT WARNING * * *
You are too injured to fight recklessly!
You are too injured to fight recklessly!
You are too injured to fight recklessly!
You are feeling hungry.
You hit the ice beast.
The ice beast is moderately wounded.
The ice beast hits you.
* * * LOW HITPOINT WARNING * * *
The ice beast freezes you! You resist.
You die...

##≈#..#.##
≈≈≈#.....###
#####.###...#
#..#..#.#
##...##.#
..####.###.#
..........#.#
######...Y..####
#....@....####
#............#
####.####.##.#
#.# #.##.#
#.####.##.#
#...##.##.#
###.##.##.#
#.##.##.#
######.##.##.#


You could see an ice beast (poisoned).

Vanquished Creatures
  A hornet (D:5)
  A centaur (D:5)
  2 hounds
  An orc priest (D:4)
  A bullfrog skeleton (D:2)
  An orc wizard (D:5)
  2 worker ants
  3 gnolls (D:5)
  3 adders (D:2)
  A shadow imp (D:5)
  An ooze (D:4)
  An adder skeleton (D:5)
  2 worms (D:2)
  3 dart slugs
  5 leopard geckos
  8 orcs
  7 giant cockroaches
  10 goblins
  7 hobgoblins
  4 jackals (D:1)
  7 kobolds
  2 quokkas
  5 bats
  2 frilled lizards (D:2)
  A jackal zombie (D:5)
  6 rats
87 creatures vanquished.

Notes
Turn   | Place    | Note
-------+----------+-------------------------------------------
     0 | D:1      | Amnesiac the Deep Elf Fighter began the quest for the Orb.
     0 | D:1      | Reached XP level 1. HP: 13/13 MP: 3/3
   443 | D:1      | Reached XP level 2. HP: 18/18 MP: 4/4
   532 | D:1      | Reached skill level 1 in Dodging
   815 | D:1      | Reached skill level 3 in Short Blades
  1224 | D:2      | Reached XP level 3. HP: 22/22 MP: 5/5
  1913 | D:2      | Reached XP level 4. HP: 13/27 MP: 6/6
  1996 | D:2      | Reached skill level 4 in Short Blades
  2293 | D:2      | Found a glowing golden altar of the Shining One.
  2947 | D:4      | Got a pitted dagger
  2948 | D:4      | Identified the +2 dagger of Action {holy, MR+ SInv} (You
                  | found it on level 4 of the Dungeon)
  2962 | D:4      | Reached XP level 5. HP: 30/31 MP: 7/7
  3345 | D:4      | Learned a level 3 spell: Frozen Ramparts
  3440 | D:4      | Reached skill level 5 in Short Blades
  3440 | D:4      | Reached skill level 1 in Evocations
  3587 | D:4      | Reached skill level 1 in Spellcasting
  3699 | D:5      | Entered Level 5 of the Dungeon
  3749 | D:5      | Reached XP level 6. HP: 27/36 MP: 10/10
  3984 | D:5      | Noticed a hornet
  4025 | D:5      | Killed a hornet
  4025 | D:5      | Reached skill level 6 in Short Blades
  4025 | D:5      | Reached skill level 1 in Bows
  4025 | D:5      | Reached XP level 7. HP: 19/40 MP: 11/13
  4095 | D:5      | Slain by an ice beast

Illustrated notes

Levels and vault maps discovered:
D:1:      sevenhm_arrival_forest_fort_small_4, layout_basic, kennysheep_boxes
D:2:      layout_rooms, nicolae_tso_swordbearing_angel, minmay_misc_feat_roman
D:3:      layout_rooms, dk_vineyard_2
D:4:      layout_gridville, first_ration
D:5:      lemuel_upstairs_altar, layout_loops_ring, kennysheep_generic_room_12

Skill      XL: |  1  2  3  4  5  6 |
---------------+-------------------+-----
Dodging        | 1 2 |  2.4
Short Blades   | 3 4 5 6 |  6.3
Evocations     | 1 2 |  2.9
Spellcasting   | 1 3 |  3.3
Bows           | 1 |  1.6
Fighting       | |  2.4
Armour         | |  2.4
Shields        | |  2.5

Action                   |  1- 3 |  4- 6 |  7- 9 || total
-------------------------+-------+-------+-------++-------
Melee: Rapier            |   151 |       |       ||   151
       Dagger            |     8 |   180 |    15 ||   203
  Eat: Chunk             |     3 |     7 |       ||    10
Armor: Scale mail        |    72 |    55 |     5 ||   132
Dodge: Dodged            |    48 |    58 |     1 ||   107
Block: Kite shield       |    74 |    30 |       ||   104
       Buckler           |       |    14 |     2 ||    16

Table legend:
 A = Non-vault XP
 B = Vault XP
 C = Vault XP percentage of total XP
 D = Non-vault monster count
 E = Vault monster count
 F = Vault count percentage of total count
                 A         B        C        D         E       F
            +---------+---------+-------+---------+---------+-------
      Total |     892 |      39 |   4.2 |      86 |       1 |   1.1
            +---------+---------+-------+---------+---------+-------
        D:1 |      34 |       0 |   0.0 |      22 |       0 |   0.0
        D:2 |     120 |       0 |   0.0 |      22 |       0 |   0.0
        D:3 |      36 |       0 |   0.0 |      17 |       0 |   0.0
        D:4 |     141 |       0 |   0.0 |      11 |       0 |   0.0
        D:5 |     561 |      39 |   6.5 |      14 |       1 |   6.7
            +---------+---------+-------+---------+---------+-------
